 Dungeon Crawl Stone Soup version 0.28.0-43-g3370ac3207 (webtiles) character file.

Game seed: 8603070480734829548

565 Ablot the Grasshopper (level 7, -3/84 HPs)
             Began as a Gnoll Warper on Mar 5, 2022.
             Was an Initiate of Okawaru.
             Succumbed to an orc wizard's poison
             ... on level 4 of the Dungeon.
             The game lasted 00:07:59 (4002 turns).

Ablot the Grasshopper (Gnoll Warper)                Turns: 4002, Time: 00:07:59

Health: -3/84      AC: 23    Str: 13    XL:     7   Next: 32%
Magic:  15/15      EV:  2    Int: 14    God:    Okawaru [......]
Gold:   155        SH:  0    Dex: 11    Spells: 14/17 levels left

rFire   . . .      SeeInvis .   q - +0 hunting sling (flame)
rCold   . . .      Faith    .   (no shield)
rNeg    . . .      Spirit   .   (armour currently unavailable)
rPois   +          Reflect  .   (helmet currently unavailable)
rElec   .          Harm     .   (cloak currently unavailable)
rCorr   .          Rampage  .   (gloves currently unavailable)
Will    .....      NoTele   +   (boots currently unavailable)
Stlth   ++........              (no amulet)
HPRegen 0.24/turn               (no ring)
MPRegen 0.14/turn               (no ring)

@: lethally poisoned (-3 -> -21), tree-form, invisible
A: stationary, stasis, torment immunity, boosted hp, (fangs 2), strong nose,
distributed training, clever 1
a: Renounce Religion


You were on level 4 of the Dungeon.
You worshipped Okawaru.
Okawaru was noncommittal.
You were a tree.
You visited 2 branches of the dungeon, and saw 7 of its levels.

You collected 155 gold pieces.

Inventory:

Hand Weapons
 a - a +0 spear
 q - a +0 hunting sling of flaming (weapon)
Missiles
 d - 5 boomerangs of dispersal
 h - 44 arrows
 j - 38 stones
 p - a throwing net
 s - 5 poisoned darts
 u - 8 sling bullets (quivered ammo)
 z - 4 curare-tipped darts
 E - 24 bolts
Armour
 b - a +0 leather armour (melded)
 k - a +0 pair of gloves of dexterity (melded)
Wands
 A - a wand of flame (20)
 C - a wand of iceblast (7)
Scrolls
 c - a scroll of blinking
 e - a scroll of fog {unknown}
 r - 2 scrolls of vulnerability {unknown}
 t - a scroll of enchant weapon {unknown}
 v - a scroll of silence {unknown}
 w - 2 scrolls of teleportation {unknown}
 x - 4 scrolls of identify {unknown}
 y - 2 scrolls of noise {unknown}
 D - a scroll of summoning {unknown}
Potions
 f - a potion of heal wounds {unknown}
 g - a potion of degeneration {unknown}
 i - a potion of lignification
 l - a potion of flight {unknown}
 m - a potion of brilliance {unknown}
 n - a potion of mutation
 o - 4 potions of invisibility
 B - a potion of resistance {unknown}


   Skills:
 + Level 5.2 Fighting
 + Level 2.4 Short Blades
 + Level 2.4 Long Blades
 + Level 2.4 Axes
 + Level 2.4 Maces & Flails
 + Level 5.2 Polearms
 + Level 2.4 Staves
 + Level 2.4 Slings
 + Level 2.4 Bows
 + Level 2.4 Crossbows
 + Level 3.5 Throwing
 + Level 3.5 Armour
 + Level 5.2 Dodging
 + Level 2.4 Stealth
 + Level 2.4 Shields
 + Level 2.4 Unarmed Combat
 + Level 5.6 Spellcasting
 + Level 2.0 Conjurations
 + Level 2.0 Hexes
 + Level 2.0 Summonings
 + Level 2.0 Necromancy
 + Level 5.8 Translocations
 + Level 2.0 Transmutations
 + Level 2.0 Fire Magic
 + Level 2.0 Ice Magic
 + Level 2.0 Air Magic
 + Level 2.0 Earth Magic
 + Level 2.0 Poison Magic
 + Level 2.6 Invocations
 + Level 2.4 Evocations


You had 14 spell levels left.
You knew the following spells:

 Your Spells              Type           Power      Damage    Failure   Level
a - Blink                 Tloc           40%        N/A       2%          2
b - Slow                  Hex            36%        N/A       8%          1

Your spell library contained the following spells:

 Spells                   Type           Power      Damage    Failure   Level
 Gell's Gravitas          Tloc           20%        N/A       4%          3
 Lesser Beckoning         Tloc           20%        N/A       4%          3
 Teleport Other           Tloc           20%        N/A       4%          3
 Confusing Touch          Hex            9%         N/A       22%         3
 Vampiric Draining        Necr           9%         2d6       22%         3
 Manifold Assault         Tloc           20%        N/A       38%         5
 Hailstorm                Conj/Ice       9%         3d4       58%         4
 Ice Form                 Ice/Tmut       9%         N/A       58%         4
 Simulacrum               Ice/Necr       Unusable   N/A       N/A         6

Dungeon Overview and Level Annotations

Branches:
Dungeon (6/15)             Temple (1/1) D:4

Altars:
Ashenzari
Cheibriados
Dithmenos
Elyvilon
Fedhas
Hepliaklqana
Kikubaaqudgha
Makhleb
Okawaru
Qazlal
Ru
Sif Muna
Trog
Uskayaw
Vehumet
Yredelemnul
The Shining One

Shops:
D:1 :


Innate Abilities, Weirdness & Mutations

You are a tree.
Your roots penetrate the ground, keeping you stationary.
You cannot be teleported.
You are immune to unholy pain and torment.
Your maximum health is greatly increased.
Your equipment is partially melded.
((You have extremely sharp teeth.))
Your uncanny sense of smell can sniff out nearby items.
Your experience applies equally to all skills.
Your mind is acute. (Int +2)


Message History

The orc barely misses you.
You closely miss the orc.
You feel less confused.
* * * LOW HITPOINT WARNING * * *
You feel very sick. The orc hits you but does no damage.
Something hits you but does no damage.
The orc wizard points at you and mumbles some strange words.
The puff of flame hits you!
* * * LOW HITPOINT WARNING * * *
The orc hits you with a +0 club.
* * * LOW HITPOINT WARNING * * *
The goblin barely misses you. The orc closely misses you.
Something hits you but does no damage.
It was a potion of lignification.
You turn into a tree.
Your +0 pair of gloves of dexterity melds into your body.
Your +0 leather armour melds into your body.
You feel clumsy.
Your roots penetrate the ground.
* * * LOW HITPOINT WARNING * * *
You feel very sick. The orc hits you but does no damage.
The orc wizard hits you with a +1 dagger of venom.
* * * LOW HITPOINT WARNING * * *
The goblin barely misses you. The orc hits you but does no damage.
You hear some strange, mumbled words.
A puff of flame appears from out of thin air!
The puff of flame hits you but does no damage.
It was a potion of invisibility.
You fade into invisibility!
* * * LOW HITPOINT WARNING * * *
You feel sick. The orc hits you but does no damage.
The orc wizard hits you but does no damage.
You are more poisoned.
The goblin hits you but does no damage. The orc hits you but does no damage.
Something hits you but does no damage.
Unknown command.
It was a potion of mutation.
You feel extremely strange.
You feel clever.
Your teeth lengthen and sharpen some more.
You die...

#....##.......#
##...>....#.........
......###...#......#..
.....####...#....(#..#
...#..#.............#.
...##....#.#.#.#(#...(
......................
###.(.#...o{o.#.#
#........♣o...#
#...#...>.g.#!#
_................#
...#...#.......#.#
...#....(.....(..# .
#...#.#.#.#.#...
#.................
.......#.#######...
.....#...# ..


You could see an orc wizard, 2 orcs and a goblin.

Vanquished Creatures
  Sigmund (D:2)
  2 black bears (D:5)
  2 hounds (D:5)
  2 iguanas
  A statue (D:5)
  3 adders
  A white imp (D:5)
  3 dart slugs
  2 orcs (D:3)
  7 ball pythons
  5 bats
  5 endoplasms
  2 giant cockroaches (D:2)
  7 goblins
  5 hobgoblins
  2 quokkas
  A frilled lizard (D:2)
  7 kobolds
  2 rats (D:2)
60 creatures vanquished.

Notes
Turn   | Place    | Note
-------+----------+-------------------------------------------
     0 | D:1      | Ablot the Gnoll Warper began the quest for the Orb.
     0 | D:1      | Reached XP level 1. HP: 20/20 MP: 6/6
   211 | D:1      | Reached XP level 2. HP: 17/26 MP: 7/7
   217 | D:1      | Learned a level 2 spell: Blink
   377 | D:1      | Found Denkize's Book Boutique.
   459 | D:1      | Found a faded altar of an unknown god.
   790 | D:1      | Reached XP level 3. HP: 26/31 MP: 9/9
   792 | D:1      | Reached skill level 5 in Spellcasting
  1288 | D:2      | Reached skill level 1 in Invocations
  1461 | D:2      | Reached skill level 1 in Short Blades
  1461 | D:2      | Reached skill level 1 in Long Blades
  1461 | D:2      | Reached skill level 1 in Axes
  1461 | D:2      | Reached skill level 1 in Maces & Flails
  1461 | D:2      | Reached skill level 1 in Staves
  1461 | D:2      | Reached skill level 1 in Slings
  1461 | D:2      | Reached skill level 1 in Bows
  1461 | D:2      | Reached skill level 1 in Crossbows
  1461 | D:2      | Reached skill level 1 in Stealth
  1461 | D:2      | Reached skill level 1 in Shields
  1461 | D:2      | Reached skill level 1 in Unarmed Combat
  1461 | D:2      | Reached skill level 1 in Evocations
  1547 | D:2      | Reached XP level 4. HP: 38/38 MP: 11/11
  1655 | D:2      | Noticed Sigmund
  1666 | D:2      | Killed Sigmund
  1667 | D:2      | Reached skill level 1 in Conjurations
  1667 | D:2      | Reached skill level 1 in Hexes
  1667 | D:2      | Reached skill level 1 in Summonings
  1667 | D:2      | Reached skill level 1 in Necromancy
  1667 | D:2      | Reached skill level 1 in Transmutations
  1667 | D:2      | Reached skill level 1 in Fire Magic
  1667 | D:2      | Reached skill level 1 in Ice Magic
  1667 | D:2      | Reached skill level 1 in Air Magic
  1667 | D:2      | Reached skill level 1 in Earth Magic
  1667 | D:2      | Reached skill level 1 in Poison Magic
  1667 | D:2      | Reached XP level 5. HP: 25/43 MP: 12/12
  2189 | D:2      | Reached XP level 6. HP: 50/50 MP: 13/13
  2629 | D:3      | Learned a level 1 spell: Slow
  2809 | D:3      | You fall into a shaft and drop 3 floors!
  2916 | D:5      | Entered Level 5 of the Dungeon
  3040 | D:5      | Reached skill level 5 in Fighting
  3040 | D:5      | Reached skill level 5 in Polearms
  3040 | D:5      | Reached skill level 5 in Dodging
  3187 | D:5      | Noticed a black bear
  3190 | D:5      | Noticed a black bear
  3201 | D:5      | Killed a black bear
  3228 | D:5      | Killed a black bear
  3229 | D:5      | Reached XP level 7. HP: 10/56 MP: 6/15
  3483 | D:5      | Found a bloodstained altar of Trog.
  3551 | D:5      | Found a radiant altar of Vehumet.
  3731 | D:4      | Found a staircase to the Ecumenical Temple.
  3739 | D:4      | Found a stormy altar of Qazlal.
  3746 | Temple   | Entered the Ecumenical Temple
  3976 | Temple   | Became a worshipper of Warmaster Okawaru
  4000 | D:4      | HP: 4/84 [poisoned by an orc wizard]
  4001 | D:4      | HP: 1/84 [poisoned by an orc wizard]
  4002 | D:4      | Gained mutation: Your mind is acute. (Int +2) [potion of
                  | mutation]
  4002 | D:4      | Gained mutation: You have extremely sharp teeth. [potion of
                  | mutation]
  4002 | D:4      | Succumbed to an orc wizard's poison

Illustrated notes

Levels and vault maps discovered:
D:1:      amcnicky_arrival_wind_blow, layout_loops_corners,
          ebering_ecumenical_altar_webs, serial_shops, shop
D:2:      layout_basic, serial_curves, eino_curves_03, eino_curves_02,
          eino_curves_04, eino_curves_03, st_stairs_6, uniq_sigmund
D:3:      layout_basic, minmay_strange_pillars
D:4:      layout_rooms, lemuel_coloured_pillars_altar, grunt_qazlal_clouds,
          minmay_temple_entry_glass, uniq_crazy_yiuf_cottage
D:5:      layout_loops_ring, trog_ov_bears_minmay, vehumet_statue,
          minmay_misc_feat_roman
D:6:      layout_cave_pools, nemelex_diamond_rough_becter,
          nicolae_ossuary_entry_catacombs
Temple:   dpeg_chambers_temple

Skill      XL: |  1  2  3  4  5  6  7 |
---------------+----------------------+-----
Spellcasting   | 5 |  5.6
Invocations    | 1 2 |  2.6
Short Blades   | 1 2 |  2.4
Long Blades    | 1 2 |  2.4
Axes           | 1 2 |  2.4
Maces & Flails | 1 2 |  2.4
Staves         | 1 2 |  2.4
Slings         | 1 2 |  2.4
Bows           | 1 2 |  2.4
Crossbows      | 1 2 |  2.4
Stealth        | 1 2 |  2.4
Shields        | 1 2 |  2.4
Unarmed Combat | 1 2 |  2.4
Evocations     | 1 2 |  2.4
Throwing       | 3 |  3.5
Armour         | 3 |  3.5
Conjurations   | 1 2 |  2.0
Hexes          | 1 2 |  2.0
Summonings     | 1 2 |  2.0
Necromancy     | 1 2 |  2.0
Transmutations | 1 2 |  2.0
Fire Magic     | 1 2 |  2.0
Ice Magic      | 1 2 |  2.0
Air Magic      | 1 2 |  2.0
Earth Magic    | 1 2 |  2.0
Poison Magic   | 1 2 |  2.0
Fighting       | 5 |  5.2
Polearms       | 5 |  5.2
Dodging        | 5 |  5.2
Translocations | |  5.8

Action                   |  1- 3 |  4- 6 |  7- 9 || total
-------------------------+-------+-------+-------++-------
Melee: Spear             |   112 |    42 |       ||   154
       Bite              |     4 |     7 |       ||    11
       Punch             |     1 |     1 |       ||     2
       Hunting sling     |       |       |     1 ||     1
 Fire: Hunting sling     |       |    78 |    37 ||   115
 Cast: Blink             |       |     4 |       ||     4
       Slow              |       |     3 |       ||     3
  Use: Potion            |       |       |     3 ||     3
 Stab: Sleeping          |     3 |     1 |       ||     4
Armor: Leather armour    |    21 |    23 |     7 ||    51
       Skin              |       |       |     8 ||     8
Dodge: Dodged            |    50 |    66 |    18 ||   134
